General information
- name: BNet
- type: Ladder team game (AT/RT)
- host: Battle.net
- saver: PAYDAY2
map: TwilightRuins
- players: 8
- length: 45:26
- speed: Fast
- version: 1.26 W3XP
- replay type: Public
» download(257 KB)
Players
team 1 (winner)
Wolstenholme (
green | 47 APM | 2144 actions | 45:26)
6 Death Knight
2 Death Coil
3 Unholy Aura
1 Animate Dead
4 Crypt Lord
2 Impale
2 Spiked Carapace
3 Dreadlord
2 Vampiric Aura
1 Sleep
» actions
| Assign group hotkey | 36 | |
| Basic commands | 278 | |
| Build / train | 112 | |
| Enter build submenu | 28 | |
| Enter hero's abilities submenu | 13 | |
| Give item / drop item | 8 | |
| Right click | 509 | |
| Select / deselect | 287 | |
| Select group hotkey | 797 | |
| Use ability | 76 | |
2144 total
» units
| Acolyte | 18 | |
| Ghoul | 9 | |
| Crypt Fiend | 20 | |
| Frost Wyrm | 10 | |
57 total
» upgrades
| Creature Attack | 3 | |
| Creature Carapace | 3 | |
| Web | 1 | |
| Freezing Breath | 1 | |
8 total
» buildings
| Ziggurat | 10 | |
| Crypt | 1 | |
| Graveyard | 1 | |
| Altar of Darkness | 1 | |
| Tomb of Relics | 1 | |
| Nerubian Tower | 3 | |
| Halls of the Dead | 2 | |
| Black Citadel | 1 | |
| Sacrificial Pit | 1 | |
| Spirit Tower | 9 | |
| Boneyard | 1 | |
| Necropolis | 1 | |
32 total
» build order
00:09 Ziggurat
00:12 Crypt
00:41 Graveyard
01:01 Altar of Darkness
01:28 Ziggurat
01:55 Tomb of Relics
02:26 Nerubian Tower
02:26 Nerubian Tower
03:55 Halls of the Dead
03:55 Halls of the Dead
04:16 Ziggurat
05:53 Ziggurat
08:30 Black Citadel
09:08 Sacrificial Pit
09:33 Spirit Tower
09:35 Spirit Tower
09:42 Ziggurat
09:48 Ziggurat
10:13 Spirit Tower
10:38 Spirit Tower
10:58 Boneyard
12:19 Ziggurat
16:00 Ziggurat
20:14 Ziggurat
20:17 Ziggurat
22:40 Spirit Tower
22:40 Spirit Tower
22:41 Spirit Tower
33:50 Necropolis
» items
| Rod of Necromancy | 1 | |
| Scroll of Town Portal | 4 | |
| Potion of Healing | 2 | |
7 total

»
CELOKO_CACHUERA (
red | 21 APM | 945 actions | 45:26)
5 Blademaster
3 Wind Walk
2 Critical Strike
» actions
| Basic commands | 1 | |
| Build / train | 74 | |
| Enter build submenu | 29 | |
| Enter hero's abilities submenu | 5 | |
| Give item / drop item | 1 | |
| Remove unit from queue | 2 | |
| Right click | 447 | |
| Select / deselect | 329 | |
| Use ability | 57 | |
945 total
» units
| Peon | 27 | |
| Grunt | 3 | |
| Troll Witch Doctor | 7 | |
| Tauren | 6 | |
| Troll Headhunter/Berserker | 3 | |
46 total
» upgrades
| Melee Weapons | 2 | |
| Witch Doctor Training | 2 | |
| Armor | 1 | |
| Pulverize | 1 | |
| Ranged Weapons | 1 | |
7 total
» buildings
| Orc Burrow | 12 | |
| Altar of Storms | 1 | |
| Barracks | 3 | |
| Voodoo Lounge | 1 | |
| Stronghold | 1 | |
| War Mill | 1 | |
| Fortress | 1 | |
| Great Hall | 2 | |
| Spirit Lodge | 2 | |
| Tauren Totem | 2 | |
26 total
» build order
00:09 Orc Burrow
00:13 Altar of Storms
00:18 Barracks
02:28 Orc Burrow
02:31 Orc Burrow
02:38 Voodoo Lounge
04:08 Stronghold
04:22 War Mill
05:13 Orc Burrow
06:09 Orc Burrow
06:35 Fortress
06:42 Great Hall
07:09 Spirit Lodge
07:13 Spirit Lodge
08:59 Tauren Totem
09:02 Tauren Totem
11:42 Orc Burrow
13:41 Orc Burrow
19:25 Orc Burrow
29:54 Great Hall
33:50 Orc Burrow
34:22 Barracks
35:21 Orc Burrow
35:47 Barracks
36:39 Orc Burrow
37:38 Orc Burrow
» items
| Healing Salve | 1 | |
| Lesser Clarity Potion | 2 | |
| Scroll of Speed | 2 | |
| Orb of Lightning | 1 | |
| Scroll of Town Portal | 3 | |
| Orb of Corruption | 1 | |
| Potion of Lesser Invulnerability | 1 | |
11 total
StrawberryBubG (
yellow | 51 APM | 2315 actions | 45:25)
9 Blademaster
3 Wind Walk
3 Critical Strike
1 Bladestorm
2 Mirror Image
» actions
| Assign group hotkey | 23 | |
| Basic commands | 203 | |
| Build / train | 101 | |
| Enter build submenu | 41 | |
| Enter hero's abilities submenu | 9 | |
| Give item / drop item | 16 | |
| Right click | 1020 | |
| Select / deselect | 431 | |
| Select group hotkey | 241 | |
| Use ability | 230 | |
2315 total
» units
| Peon | 11 | |
| Grunt | 5 | |
| Goblin Shredder | 1 | |
| Wind Rider | 7 | |
| Goblin Sapper | 14 | |
| Goblin Zeppelin | 5 | |
| Troll Batrider | 5 | |
48 total
» upgrades
| Ranged Weapons | 3 | |
| Reinforced Defenses | 1 | |
| Armor | 3 | |
| Ensnare | 1 | |
| Troll Regeneration | 1 | |
| Liquid Fire | 1 | |
| Envenomed Spears | 1 | |
11 total
» buildings
| Orc Burrow | 6 | |
| Altar of Storms | 2 | |
| Barracks | 1 | |
| Voodoo Lounge | 1 | |
| Stronghold | 2 | |
| Great Hall | 3 | |
| War Mill | 2 | |
| Watch Tower | 29 | |
| Fortress | 2 | |
| Beastiary | 4 | |
52 total
» build order
00:16 Orc Burrow
00:50 Altar of Storms
00:51 Barracks
01:05 Orc Burrow
01:46 Voodoo Lounge
02:50 Stronghold
03:40 Orc Burrow
04:13 Altar of Storms
04:20 Great Hall
04:47 War Mill
06:00 Watch Tower
06:01 Watch Tower
06:02 Watch Tower
06:06 Watch Tower
07:43 Fortress
08:06 Beastiary
08:06 Beastiary
08:07 Beastiary
08:08 Beastiary
08:35 War Mill
09:41 Watch Tower
09:42 Watch Tower
09:44 Watch Tower
09:45 Watch Tower
09:46 Watch Tower
09:47 Watch Tower
12:44 Orc Burrow
13:26 Great Hall
13:27 Watch Tower
13:28 Watch Tower
13:28 Watch Tower
13:47 Watch Tower
13:48 Watch Tower
13:49 Watch Tower
13:50 Watch Tower
13:51 Watch Tower
13:52 Watch Tower
14:06 Orc Burrow
14:08 Orc Burrow
14:23 Stronghold
17:52 Fortress
32:04 Great Hall
32:29 Watch Tower
32:30 Watch Tower
32:31 Watch Tower
32:32 Watch Tower
32:33 Watch Tower
32:39 Watch Tower
32:44 Watch Tower
32:44 Watch Tower
32:45 Watch Tower
32:46 Watch Tower
» items
| Healing Salve | 6 | |
| Lesser Clarity Potion | 3 | |
| Potion of Mana | 3 | |
| Potion of Healing | 4 | |
| Orb of Lightning | 1 | |
| Scroll of Town Portal | 3 | |
| Tiny Great Hall | 1 | |
| Boots of Speed | 1 | |
| Periapt of Vitality | 1 | |
| Ring of Regeneration | 1 | |
| Staff of Teleportation | 1 | |
| Ankh of Reincarnation | 1 | |
| Health Stone | 1 | |
| Mana Stone | 1 | |
28 total
KEVINLOVETRAITR (
blue | 49 APM | 2206 actions | 45:26)
5 Blademaster
3 Wind Walk
2 Critical Strike
5 Shadow Hunter
2 Hex
3 Healing Wave
1 Goblin Alchemist
1 Healing Spray
» actions
| Assign group hotkey | 58 | |
| Basic commands | 80 | |
| Build / train | 83 | |
| Enter build submenu | 23 | |
| Enter hero's abilities submenu | 11 | |
| Give item / drop item | 3 | |
| Right click | 841 | |
| Select / deselect | 294 | |
| Select group hotkey | 668 | |
| Use ability | 145 | |
2206 total
» units
| Peon | 11 | |
| Goblin Shredder | 5 | |
| Troll Batrider | 14 | |
| Wind Rider | 5 | |
| Goblin Sapper | 9 | |
44 total
» upgrades
| Ranged Weapons | 2 | |
| Armor | 2 | |
| Liquid Fire | 1 | |
| Reinforced Defenses | 1 | |
| Envenomed Spears | 1 | |
7 total
» buildings
| Altar of Storms | 1 | |
| Orc Burrow | 6 | |
| War Mill | 1 | |
| Voodoo Lounge | 1 | |
| Stronghold | 1 | |
| Great Hall | 3 | |
| Watch Tower | 18 | |
| Beastiary | 3 | |
| Fortress | 2 | |
36 total
» build order
00:07 Altar of Storms
00:24 Orc Burrow
00:40 War Mill
01:22 Voodoo Lounge
02:11 Stronghold
02:34 Orc Burrow
03:43 Great Hall
03:53 Watch Tower
05:11 Great Hall
06:10 Watch Tower
06:10 Watch Tower
06:11 Watch Tower
06:11 Watch Tower
07:04 Beastiary
07:27 Watch Tower
07:41 Orc Burrow
07:43 Orc Burrow
08:50 Fortress
08:51 Fortress
09:06 Beastiary
10:27 Watch Tower
10:27 Watch Tower
10:28 Watch Tower
10:29 Watch Tower
10:29 Watch Tower
10:30 Watch Tower
13:34 Watch Tower
13:34 Watch Tower
13:34 Watch Tower
13:40 Beastiary
14:51 Great Hall
15:20 Watch Tower
15:20 Watch Tower
15:20 Watch Tower
20:53 Orc Burrow
20:53 Orc Burrow
» items
| Healing Salve | 2 | |
| Scroll of Town Portal | 4 | |
| Dust of Appearance | 1 | |
| Staff of Teleportation | 2 | |
| Potion of Lesser Invulnerability | 4 | |
| Scroll of Healing | 1 | |
14 total
team 2 (loser)

»
Guitar- (
teal | 44 APM | 813 actions | 18:21)
3 Blademaster
2 Wind Walk
1 Critical Strike
2 Shadow Hunter
1 Hex
1 Healing Wave
» actions
| Build / train | 60 | |
| Enter build submenu | 18 | |
| Enter hero's abilities submenu | 5 | |
| Give item / drop item | 1 | |
| Right click | 416 | |
| Select / deselect | 252 | |
| Use ability | 61 | |
813 total
» units
| Peon | 11 | |
| Grunt | 10 | |
| Shaman | 5 | |
| Troll Witch Doctor | 4 | |
| Tauren | 3 | |
| Kodo Beast | 1 | |
34 total
» upgrades
| Spiked Barricades | 1 | |
| Armor | 1 | |
| Melee Weapons | 1 | |
| Shaman Training | 2 | |
| Witch Doctor Training | 2 | |
7 total
» buildings
| Altar of Storms | 1 | |
| Orc Burrow | 6 | |
| Barracks | 1 | |
| Voodoo Lounge | 1 | |
| War Mill | 1 | |
| Stronghold | 1 | |
| Spirit Lodge | 2 | |
| Great Hall | 1 | |
| Watch Tower | 1 | |
| Fortress | 1 | |
| Tauren Totem | 1 | |
| Beastiary | 2 | |
19 total
» build order
00:20 Altar of Storms
00:23 Orc Burrow
00:54 Barracks
01:30 Voodoo Lounge
01:57 Orc Burrow
02:39 War Mill
03:56 Stronghold
04:01 Orc Burrow
04:56 Orc Burrow
07:03 Spirit Lodge
07:36 Great Hall
07:52 Watch Tower
09:30 Fortress
09:34 Spirit Lodge
09:44 Orc Burrow
13:14 Tauren Totem
15:04 Beastiary
15:54 Orc Burrow
17:17 Beastiary
» items
| Healing Salve | 2 | |
| Lesser Clarity Potion | 2 | |
| Potion of Healing | 3 | |
| Scroll of Town Portal | 2 | |
| Orb of Lightning | 1 | |
10 total

»
fornight (
pink | 61 APM | 1069 actions | 17:35)
4 Dark Ranger
2 Black Arrow
2 Life Drain
2 Priestess of the Moon
1 Searing Arrows
1 Trueshot Aura
» actions
| Assign group hotkey | 52 | |
| Basic commands | 5 | |
| Build / train | 58 | |
| Enter build submenu | 18 | |
| Enter hero's abilities submenu | 6 | |
| Give item / drop item | 3 | |
| Right click | 337 | |
| Select / deselect | 264 | |
| Select group hotkey | 287 | |
| Use ability | 39 | |
1069 total
» units
| Wisp | 15 | |
| Archer | 5 | |
| Goblin Shredder | 1 | |
| Hippogryph | 7 | |
| Druid of the Talon | 1 | |
| Chimaera | 8 | |
37 total
» upgrades
| Strength of the Wild | 2 | |
| Corrosive Breath | 1 | |
| Reinforced Hides | 3 | |
6 total
» buildings
| Altar of Elders | 1 | |
| Moon Well | 9 | |
| Ancient of War | 1 | |
| Tree of Ages | 1 | |
| Tree of Life | 1 | |
| Hunter's Hall | 1 | |
| Ancient of Wind | 1 | |
| Tree of Eternity | 2 | |
| Ancient of Wonders | 1 | |
| Chimaera Roost | 3 | |
21 total
» build order
00:07 Altar of Elders
00:09 Moon Well
00:46 Ancient of War
01:29 Moon Well
03:12 Tree of Ages
03:51 Tree of Life
04:00 Moon Well
04:33 Hunter's Hall
05:33 Ancient of Wind
05:35 Tree of Eternity
05:35 Tree of Eternity
07:02 Moon Well
07:03 Moon Well
07:11 Ancient of Wonders
07:22 Moon Well
07:59 Chimaera Roost
08:00 Chimaera Roost
08:01 Chimaera Roost
08:47 Moon Well
11:05 Moon Well
12:41 Moon Well
» items
| Scroll of Healing | 1 | |
| Scroll of Town Portal | 2 | |
| Scroll of Regeneration | 1 | |
4 total
PAYDAY2 (
purple | 82 APM | 3711 actions | 45:26)
10 Mountain King
3 Storm Bolt
3 Bash
1 Avatar
3 Thunder Clap
» actions
| Assign group hotkey | 96 | |
| Basic commands | 98 | |
| Build / train | 177 | |
| ESC pressed | 1 | |
| Enter build submenu | 54 | |
| Enter hero's abilities submenu | 10 | |
| Give item / drop item | 15 | |
| Right click | 1595 | |
| Select / deselect | 433 | |
| Select group hotkey | 980 | |
| Use ability | 252 | |
3711 total
» units
| Peasant | 14 | |
| Footman | 4 | |
| Goblin Zeppelin | 17 | |
| Goblin Shredder | 2 | |
| Gryphon Rider | 5 | |
| Dragonhawk Rider | 4 | |
| Goblin Sapper | 3 | |
49 total
» upgrades
| Masonry | 3 | |
| Swords | 3 | |
| Armor | 3 | |
| Lumber Harvesting | 2 | |
| Animal War Training | 1 | |
| Cloud | 1 | |
| Storm Hammers | 1 | |
| Flak Cannons | 1 | |
| Flying Machine Bombs | 1 | |
| Fragmentation Shards | 1 | |
| Flare | 1 | |
| Barrage | 1 | |
| Plating | 2 | |
| Gunpowder | 2 | |
| Backpack | 1 | |
| Long Rifles | 1 | |
| Defend | 1 | |
26 total
» buildings
| Barracks | 1 | |
| Altar of Kings | 1 | |
| Farm | 13 | |
| Arcane Vault | 1 | |
| Lumber Mill | 1 | |
| Town Hall | 1 | |
| Scout Tower | 30 | |
| Guard Tower | 29 | |
| Keep | 3 | |
| Blacksmith | 1 | |
| Castle | 4 | |
| Gryphon Aviary | 3 | |
| Workshop | 2 | |
90 total
» build order
01:06 Barracks
01:07 Altar of Kings
01:09 Farm
01:11 Farm
01:20 Farm
01:57 Farm
02:06 Arcane Vault
02:27 Lumber Mill
03:29 Farm
03:31 Farm
04:08 Town Hall
04:10 Scout Tower
04:10 Scout Tower
04:12 Scout Tower
04:13 Scout Tower
04:42 Guard Tower
04:42 Guard Tower
04:42 Guard Tower
05:41 Keep
05:42 Keep
05:44 Blacksmith
05:50 Guard Tower
05:51 Guard Tower
05:51 Guard Tower
05:52 Guard Tower
05:52 Guard Tower
06:49 Farm
06:56 Scout Tower
06:57 Scout Tower
07:03 Scout Tower
08:38 Guard Tower
08:39 Guard Tower
08:39 Castle
08:39 Castle
08:39 Castle
08:46 Gryphon Aviary
09:21 Gryphon Aviary
09:25 Guard Tower
09:39 Gryphon Aviary
09:50 Scout Tower
09:51 Scout Tower
09:53 Scout Tower
09:54 Scout Tower
09:55 Scout Tower
14:08 Scout Tower
14:09 Scout Tower
14:11 Scout Tower
14:13 Scout Tower
14:14 Scout Tower
14:17 Scout Tower
14:19 Scout Tower
14:23 Scout Tower
14:24 Scout Tower
14:24 Scout Tower
15:02 Guard Tower
15:02 Guard Tower
15:02 Guard Tower
15:11 Guard Tower
15:20 Guard Tower
15:20 Guard Tower
17:17 Guard Tower
17:17 Guard Tower
19:41 Farm
19:42 Farm
19:42 Farm
23:42 Farm
23:45 Farm
23:46 Farm
23:50 Scout Tower
23:51 Scout Tower
23:52 Scout Tower
23:53 Scout Tower
23:55 Scout Tower
24:27 Guard Tower
24:27 Guard Tower
24:44 Guard Tower
24:45 Guard Tower
24:45 Guard Tower
24:48 Scout Tower
24:49 Scout Tower
24:51 Scout Tower
31:21 Workshop
31:25 Workshop
31:50 Guard Tower
31:50 Guard Tower
» items
| Scroll of Regeneration | 8 | |
| Lesser Clarity Potion | 5 | |
| Boots of Speed | 1 | |
| Periapt of Vitality | 1 | |
| Scroll of Town Portal | 3 | |
| Ring of Regeneration | 1 | |
| Staff of Teleportation | 1 | |
| Pendant of Energy | 1 | |
| Mana Stone | 1 | |
| Staff of Sanctuary | 1 | |
| Scroll of Protection | 1 | |
| Replenishment Potion | 1 | |
| Scroll of Healing | 4 | |
29 total

»
Bnet.Noob (
orange | 39 APM | 1770 actions | 45:26)
4 Demon Hunter
2 Evasion
2 Mana Burn
3 Dark Ranger
2 Black Arrow
1 Charm
» actions
| Assign group hotkey | 1 | |
| Build / train | 104 | |
| ESC pressed | 19 | |
| Enter build submenu | 24 | |
| Enter hero's abilities submenu | 7 | |
| Give item / drop item | 3 | |
| Remove unit from queue | 1 | |
| Right click | 1081 | |
| Select / deselect | 436 | |
| Select group hotkey | 1 | |
| Use ability | 93 | |
1770 total
» units
| Wisp | 28 | |
| Archer | 13 | |
| Hippogryph | 13 | |
| Dryad | 5 | |
| Chimaera | 4 | |
63 total
» upgrades
| Strength of the Moon | 1 | |
| Moon Armor | 1 | |
| Ultravision | 1 | |
| Improved Bows | 1 | |
| Nature's Blessing | 1 | |
| Marksmanship | 1 | |
| Hippogryph Taming | 1 | |
7 total
» buildings
| Altar of Elders | 1 | |
| Moon Well | 6 | |
| Ancient of War | 1 | |
| Tree of Ages | 1 | |
| Hunter's Hall | 1 | |
| Tree of Life | 1 | |
| Ancient Protector | 6 | |
| Tree of Eternity | 1 | |
| Ancient of Wind | 3 | |
| Ancient of Lore | 1 | |
22 total
» build order
00:27 Altar of Elders
00:39 Moon Well
00:52 Ancient of War
01:58 Moon Well
03:54 Tree of Ages
03:58 Hunter's Hall
04:26 Moon Well
04:30 Moon Well
04:32 Moon Well
05:14 Tree of Life
06:17 Ancient Protector
06:49 Moon Well
09:52 Tree of Eternity
09:56 Ancient Protector
09:58 Ancient Protector
12:19 Ancient of Wind
12:20 Ancient of Wind
12:23 Ancient of Lore
12:28 Ancient of Wind
13:32 Ancient Protector
13:33 Ancient Protector
13:35 Ancient Protector
» items
| Boots of Speed | 2 | |
| Circlet of Nobility | 3 | |
| Periapt of Vitality | 2 | |
| Book of the Dead | 1 | |
| Potion of Invulnerability | 1 | |
| Health Stone | 1 | |
| Scroll of Regeneration | 1 | |
| Potion of Healing | 2 | |
| Scroll of Town Portal | 1 | |
| Potion of Lesser Invulnerability | 1 | |
| Staff of Teleportation | 1 | |
16 total
Chat log
(00:29 / All) Wolstenholme: greetings
(00:44 / All) Bnet.Noob: haaaaay
(00:47 / All) Bnet.Noob: sexc
(00:54 / All) Wolstenholme: hey sha nay nay
(01:02 / All) Bnet.Noob: whats good bb
(01:13 / All) Wolstenholme: jus keepin it real
(01:22 / All) Bnet.Noob: 100
(01:28 / All) StrawberryBubG: hey hey hey hey popping that strawberry bubblegum
(01:36 / All) Wolstenholme: om nom nom
(01:44 / All) StrawberryBubG: don't ever change your flavor cuz I love the taste
(01:46 / All) Bnet.Noob: bassnectars new mixtape doe
(01:51 / All) Bnet.Noob: fiyah
(02:21 / Allies) Bnet.Noob: we ccing?
(02:27 / Allies) fornight: ok
(03:32 / All) KEVINLOVETRAITR: theon greyjoy #1
(03:35 / All) KEVINLOVETRAITR: REEKKKKKKK
(03:48 / All) Wolstenholme: reverend loyejoy
(04:01 / All) KEVINLOVETRAITR: I DUN get it
(06:00 / Allies) Guitar-: u blind purp?
(06:00 / All) KEVINLOVETRAITR: i always get niggers like teal harassing myu expos when they are shit
(06:10 / Allies) PAYDAY2: ?
(06:26 / Allies) PAYDAY2: No I see it better to creep
(08:27 / All) PAYDAY2: you are really good red
(08:28 / All) PAYDAY2: LOL
(09:02 / Allies) Guitar-: orange
(09:04 / Allies) Guitar-: u fucking leech
(09:11 / Allies) Bnet.Noob: u pinged there
(09:14 / Allies) Bnet.Noob: fuck u
(09:26 / Allies) Guitar-: gg
(09:34 / Allies) Bnet.Noob: lets go
(10:17 / Allies) Bnet.Noob: b
(10:18 / Allies) Bnet.Noob: out
(10:19 / Allies) Bnet.Noob: of base
(10:23 / Allies) Bnet.Noob: FIGHT OUT OF ABSE
(10:30 / All) PAYDAY2: you are a skilled player red
(10:43 / Allies) Bnet.Noob: makae them walk iyt
(11:21 / Allies) PAYDAY2: push green instead
(11:23 / Allies) PAYDAY2: the orc sucks
(14:06 / Allies) Bnet.Noob: i need wood
(14:07 / Allies) Bnet.Noob: plz
(14:13 / Allies) Bnet.Noob: ty
(14:18 / Allies) Bnet.Noob: ty
(14:34 / All) StrawberryBubG: red';s never heard of a sentry ward apparently
(15:53 / Allies) Bnet.Noob: go
(15:55 / Allies) Bnet.Noob: repair
(16:24 / All) StrawberryBubG: noob elf trash
(17:20 / All) fornight: gg
(17:32 / All) fornight: our level one worst than ur two level one
(17:34 / All) fornight: bad luck
(17:37 / All) KEVINLOVETRAITR: stfu pink
(17:46 / All) PAYDAY2: You calling me bad motherfucker?
(18:07 / All) PAYDAY2: you insulting my honour?
(18:14 / All) PAYDAY2: oh that fag left
(19:27 / All) KEVINLOVETRAITR: pink was a nigger with his chims
(19:32 / All) KEVINLOVETRAITR: i say he hacked
(19:44 / All) StrawberryBubG: maybe
(19:47 / All) Bnet.Noob: gg
(19:51 / All) StrawberryBubG: they bypassed green to hit me right as IU was towering
(19:52 / All) Wolstenholme: gg
(20:03 / All) Bnet.Noob: cuz green had towers noob yellow
(20:14 / All) PAYDAY2: fornight whispered me with "uninstall"
(20:24 / All) Bnet.Noob: i told them not to fight in greens base
(20:26 / All) Wolstenholme: so much rage
(20:27 / All) PAYDAY2: nice burrows red
(20:31 / All) PAYDAY2: "u good at mining" he says
(20:34 / All) Wolstenholme: yea you guys gave a lot away at my base
(20:38 / All) Wolstenholme: you should have won
(20:41 / All) PAYDAY2: We have won
(20:43 / All) StrawberryBubG: red is complete garbage
(20:52 / All) StrawberryBubG: Wow
(20:53 / All) Wolstenholme: red and yellow bout to stab each other
(20:54 / All) StrawberryBubG: 54-49
(20:55 / All) StrawberryBubG: how
(21:05 / All) StrawberryBubG: just getting tauren and getting carried Ig uess
(21:11 / All) StrawberryBubG: It's a winning noob strat
(21:14 / All) StrawberryBubG: tauren and casters
(21:25 / All) Wolstenholme: why cant we all just get along
(21:28 / Allies) Bnet.Noob: tp
(21:29 / Allies) Bnet.Noob: to me
(21:31 / Allies) PAYDAY2: no tp
(21:35 / Allies) PAYDAY2: I have no np
(21:43 / Allies) PAYDAY2: also there's no hall there
(22:16 / All) PAYDAY2: ready to lose, green?
(22:22 / All) Wolstenholme: sure
(23:15 / All) KEVINLOVETRAITR: nigger
(23:17 / All) Wolstenholme: well met
(23:20 / All) Bnet.Noob: 3v1
(23:23 / All) Bnet.Noob: um cool
(23:29 / All) KEVINLOVETRAITR: lawl stfu u had an army vs our 3 heroes
(23:34 / All) KEVINLOVETRAITR: and got raped yo
(23:37 / All) Bnet.Noob: u had wvys
(23:38 / All) PAYDAY2: Gonna get 100 food and rape your ass
(23:39 / Allies) Bnet.Noob: like 8
(23:41 / All) StrawberryBubG: 4 wyvs lol
(23:41 / All) KEVINLOVETRAITR: 1 bat
(23:43 / All) KEVINLOVETRAITR: 1
(23:43 / All) StrawberryBubG: vs your hippos
(23:49 / All) Bnet.Noob: yeloow had 6 wcys blue had 3
(23:53 / All) StrawberryBubG: I had 4
(23:56 / All) StrawberryBubG: might have had 3
(24:00 / All) KEVINLOVETRAITR: i had bats nigger
(24:03 / All) Bnet.Noob: no u had 6 watch replay
(24:04 / All) StrawberryBubG: I absolutely did not have 6 wyvs
(24:08 / All) KEVINLOVETRAITR: ur hippos killed our air in 2 sec
(24:10 / All) StrawberryBubG: Yeah I had 4 max
(24:21 / All) StrawberryBubG: I was at 37 food
(24:24 / All) StrawberryBubG: now 21
(24:27 / All) Bnet.Noob: 2 bms n hex hmmm
(24:32 / All) StrawberryBubG: lawl
(24:36 / All) StrawberryBubG: and mooonwells
(25:06 / All) PAYDAY2: Ready to take it, green?
(25:12 / Allies) PAYDAY2: gonna buy prot scroll first
(25:49 / Allies) Bnet.Noob: comin with chuims
(25:59 / Allies) Bnet.Noob: hold ur griound
(26:07 / Allies) Bnet.Noob: own red
(26:08 / All) KEVINLOVETRAITR: lawl
(26:39 / All) PAYDAY2: Hope you have got lube green
(26:42 / All) PAYDAY2: I'm coming for you
(26:43 / All) PAYDAY2: bitch boy
(26:47 / All) Bnet.Noob: hehehe
(28:05 / All) KEVINLOVETRAITR: red wtf
(28:09 / All) Wolstenholme: |team afk i guess
(28:11 / All) PAYDAY2: rape
(28:12 / All) KEVINLOVETRAITR: red lost all his tauren
(28:14 / All) Bnet.Noob: raped
(28:14 / All) KEVINLOVETRAITR: to aa
(28:22 / All) Bnet.Noob: yall thought yall gonna win
(28:33 / All) KEVINLOVETRAITR: fuck u nigger, red lost all his tauren to aa
(28:41 / All) Wolstenholme: well i didnt think red would sac army and blue would not fight
(28:58 / All) Wolstenholme: blue and yellow just trololololing around
(29:55 / Allies) Bnet.Noob: goto next
(30:22 / All) KEVINLOVETRAITR: hit pink
(30:24 / Allies) Bnet.Noob: YO
(30:25 / All) Bnet.Noob: WTF
(30:30 / Allies) Bnet.Noob: whyd u sell my shit
(30:32 / All) Wolstenholme: wtf blue
(30:33 / Allies) Bnet.Noob: u fucking cokc
(30:39 / All) PAYDAY2: hm?
(30:41 / All) Wolstenholme: blue tking
(30:42 / All) PAYDAY2: I didn't sell anything
(30:45 / All) Wolstenholme: fun one
(30:45 / All) KEVINLOVETRAITR: i didnt tk
(30:51 / All) StrawberryBubG: hehe
(30:53 / All) KEVINLOVETRAITR: it was teh sapper not me
(30:58 / Allies) Bnet.Noob: kill jhim
(31:00 / All) Wolstenholme: i thoguht it was a blue sapper
(31:04 / All) KEVINLOVETRAITR: the sapper attacked u green not me
(31:05 / All) KEVINLOVETRAITR: retard
(31:16 / All) KEVINLOVETRAITR: why is red making a hall at a 3k gold mine
(31:18 / All) Bnet.Noob: purp sells my heros items
(31:18 / All) Wolstenholme: w/e going to have a sammich
(31:23 / All) Bnet.Noob: like ahuge dbag
(31:26 / All) PAYDAY2: didn't sell shit
(31:28 / All) PAYDAY2: you faggot
(31:42 / All) Bnet.Noob: we are the only 2
(31:44 / All) Bnet.Noob: left
(31:49 / All) Bnet.Noob: the dr sells my invul potion
(31:53 / All) KEVINLOVETRAITR: orange quit whining u already won man
(31:53 / All) Bnet.Noob: then he claims
(31:54 / All) Bnet.Noob: ROFL
(32:03 / All) Bnet.Noob: THEN LEAVE
(32:18 / All) KEVINLOVETRAITR: we still got a chance
(32:29 / All) PAYDAY2: Gonna look at some porn
(32:30 / All) PAYDAY2: brb
(33:00 / All) KEVINLOVETRAITR: there green
(33:10 / All) StrawberryBubG: shit
(34:37 / All) Wolstenholme: i dont even know wtf
(34:42 / All) KEVINLOVETRAITR: wtf
(34:59 / All) PAYDAY2: If you hit that
(35:01 / All) PAYDAY2: it blows up on you
(35:05 / All) PAYDAY2: stop attacking for your own good
(35:23 / All) PAYDAY2: WTF
(35:25 / All) PAYDAY2: HACKER
(36:06 / All) PAYDAY2: WTF
(36:16 / All) StrawberryBubG: lol
(36:23 / All) PAYDAY2: LMAO'
(36:24 / All) KEVINLOVETRAITR: dickwad creeps
(36:42 / All) StrawberryBubG: we should have cleared the creeps first
(37:02 / All) KEVINLOVETRAITR: wonder what green is thinking
(39:36 / All) PAYDAY2: LOVE TAP
(43:54 / All) PAYDAY2: Orange, you may have a zeppelin fleet
(45:18 / All) StrawberryBubG: Have fun, gents
(45:20 / All) PAYDAY2: Good luck everyone
(45:23 / All) StrawberryBubG: smell ya later
(45:23 / All) PAYDAY2: LET IT BEGIN LET IT BEGIN!!!231313131212